 Dungeon Crawl Stone Soup version 0.31-a0-876-gfe8ebadbca (webtiles) character file.

Game seed: 3659628284785932988

822 Malachi the Ruffian (level 7, -4/58 HPs)
             Began as a Demigod Shapeshifter on Oct 13, 2023.
             Slain by a gnoll
             ... wielding a +0 halberd
              (12 damage)
             ... on level 5 of the Dungeon.
             The game lasted 00:05:53 (3542 turns).

Malachi the Ruffian (Demigod Shapeshifter)          Turns: 3542, Time: 00:05:54

Health: -4/58      AC: 10    Str: 23    XL:     7   Next: 36%
Magic:  9/9        EV:  7    Int: 12    God:
Gold:   950        SH:  0    Dex: 13    Spells: 6/6 levels left

rFire   . .          .
                       - Unarmed
rCold   . . .        (no shield)
rNeg    . . .        t - +0 plate armour
rPois   .            (helmet currently unavailable)
rElec   .            (cloak currently unavailable)
rCorr   .            (gloves currently unavailable)
SInv    .            (boots currently unavailable)
Will    .....        (no amulet) Stlth
                     (no ring)
HPRegen 0.29/turn    (no ring)
MPRegen 0.11/turn

%: no passive effects
@: beast-form
A: beast (slay +2), high MP 1, forlorn, divine attributes
a: Begin Untransformation


You were on level 5 of the Dungeon.
You were a hulking beast.
You visited 1 branch of the dungeon, and saw 5 of its levels.

You collected 950 gold pieces.

Inventory:

Missiles
 n - 6 boomerangs
Armour
 t - a +0 plate armour (worn)
Talismans
 c - a beast talisman (active)
 d - a flux talisman
Wands
 l - a wand of charming (6)
 m - a wand of flame (17)
Scrolls
 f - a scroll of butterflies
 g - a scroll of vulnerability
 i - a scroll of fog
 j - a scroll of enchant weapon
 p - 2 scrolls of teleportation
 q - a scroll of blinking
Potions
 a - a potion of curing {unknown}
 b - a potion of degeneration {unknown}
 e - a potion of berserk rage {unknown}
 h - 2 potions of cancellation {unknown}


   Skills:
 + Level 3.9 Fighting
 + Level 4.2 Dodging
 + Level 4.7 Unarmed Combat
 + Level 4.5 Shapeshifting


You had 6 spell levels left.
You didn't know any spells.
Your spell library contained the following spells:

 Spells                   Type           Power      Damage    Failure   Level
 Tukima's Dance           Hex            0%         N/A       100%        3
 Passage of Golubria      Tloc           0%         N/A       100%        4
 Yara's Violent Unravell  Hex/Tmut       0%         3d3       100%        5


Dungeon Overview and Level Annotations

Branches:
Dungeon (5/15)
 Temple: D:4-7


Innate Abilities, Weirdness & Mutations

You are a hulking beast.
Your limbs bulge with bestial killing power. (Slay +2)
You have an increased reservoir of magic. (+10% MP)
You shall have no god before yourself.
Your divine heritage dramatically boosts your attributes as you level up.


Message History

The phantom hits you but does no damage.
You hit the phantom.
The phantom is lightly damaged.
The phantom hits you but does no damage.
You punch the phantom!
The phantom is severely damaged.
The phantom hits you.
You are too injured to fight recklessly!
You are too injured to fight recklessly!
You are too injured to fight recklessly!
You are too injured to fight recklessly!
You are too injured to fight recklessly!
You hit the phantom but do no damage.
The phantom is severely damaged.
You closely miss the phantom.
The phantom is severely damaged.
The phantom barely misses you.
You punch the phantom!
The phantom is almost destroyed.
The phantom hits you but does no damage.
You punch the phantom!
You destroy the phantom!
You punch the gnoll!
You kill the gnoll!
You punch the gnoll!
The gnoll is heavily wounded.
The gnoll hits you with a +0 halberd!
* * * LOW HITPOINT WARNING * * *
You punch the gnoll!
You kill the gnoll!
You barely miss the gnoll. The gnoll hits you with a +0 halberd.
* * * LOW HITPOINT WARNING * * *
You hit the gnoll.
The gnoll is lightly wounded.
The gnoll hits you with a +0 halberd!
* * * LOW HITPOINT WARNING * * *
You closely miss the gnoll.
The gnoll is lightly wounded.
The gnoll hits you with a +0 halberd!
You die...

#..# ##.# #.#
#.# ### #.#
#.#####.#
#....##.# #....
#......g## ..W..
##....h#.#
#..... #....##.#
......
##...##.##......
##.###W#.......
### #.#.>.....
#gg.......
#.........
#.........
##........


You could see a gnoll.

Vanquished Creatures
  Grinder (D:3)
  An ice beast (D:4)
  2 ogres (D:4)
  A phantom (D:5)
  Jessica (D:3)
  Ijyb (D:4)
  Terence (D:3)
  2 orc wizards (D:4)
  6 gnolls
  6 adders
  A worm (D:3)
  A dart slug (D:3)
  8 orcs (D:4)
  3 bats
  4 endoplasms
  6 giant cockroaches
  7 hobgoblins
  4 jackals (D:1)
  A kobold (D:4)
  3 ball pythons
  2 frilled lizards
  6 goblins
  2 rats (D:1)
70 creatures vanquished.

Notes
Turn   | Place    | Note
-------+----------+-------------------------------------------
     0 | D:1      | Malachi the Demigod Shapeshifter began the quest for the
                  | Orb.
     0 | D:1      | Reached XP level 1. HP: 15/15 MP: 3/3
    50 | D:1      | Reached skill level 1 in Fighting
   478 | D:1      | Reached XP level 2. HP: 23/23 MP: 4/4
  1055 | D:2      | Reached XP level 3. HP: 28/28 MP: 5/5
  1460 | D:2      | Reached XP level 4. HP: 23/36 MP: 6/6
  1693 | D:3      | Noticed Grinder
  1701 | D:3      | Paralysed by Grinder for 5 turns
  1735 | D:3      | Killed Grinder
  1736 | D:3      | Reached XP level 5. HP: 38/42 MP: 7/7
  1753 | D:3      | Noticed Jessica
  1766 | D:3      | Killed Jessica
  1812 | D:3      | Noticed Terence
  1829 | D:3      | Killed Terence
  1830 | D:3      | Reached XP level 6. HP: 44/50 MP: 8/8
  3003 | D:4      | Noticed Ijyb
  3035 | D:4      | Killed Ijyb
  3036 | D:4      | Reached XP level 7. HP: 47/57 MP: 9/9
  3408 | D:4      | Identified a scroll of acquirement
  3408 | D:4      | Acquired 772 gold pieces
  3459 | D:5      | Entered Level 5 of the Dungeon
  3542 | D:5      | Slain by a gnoll

Illustrated notes

Levels and vault maps discovered:
D:1:      beargit_arrival_diablo_church, layout_basic
D:2:      layout_loops_cross, kennysheep_potato
D:3:      layout_rooms, uniq_grinder, uniq_jessica, uniq_terence
D:4:      layout_gridville, uniq_ijyb
D:5:      layout_cave_pods, minmay_temple_entry_offerings, uniq_menkaure

Skill      XL: |  1  2  3  4  5  6  7 |
---------------+----------------------+-----
Fighting       | 1 2 3 |  3.9
Dodging        | 2 3 4 |  4.2
Unarmed Combat | 3 4 |  4.7
Shapeshifting  | 3 4 |  4.5

Action                     |  1- 3 |  4- 6 |  7- 9 || total
---------------------------+-------+-------+-------++-------
  Melee: Unarmed           |   113 |   148 |    39 ||   300
         Punch             |     2 |       |     1 ||     3
    Use: Scroll            |       |     6 |     9 ||    15
         Potion            |       |     2 |       ||     2
 Armour: Animal skin       |    24 |       |       ||    24
         Chain mail        |    59 |    76 |       ||   135
         Plate armour      |       |    19 |    32 ||    51
         Skin              |       |    11 |       ||    11
  Dodge: Dodged            |    62 |    51 |    10 ||   123

Table legend: (Time is in decaauts)
 A = Elapsed time spent in this place.
 B = Non-inter-level travel time spent in this place.
 C = Inter-level travel time spent in this place.
 D = Time resting spent in this place.
 E = Time spent auto-exploring this place.
 F = Levels seen in this place.
 G = Mean time per level.
                   A        B        C        D        E       F      G
               +--------+--------+--------+--------+--------+-----+--------+
         Total |   3520 |   3371 |    149 |    413 |   2275 |   5 |  704.0 |
       Dungeon |   3520 |   3371 |    149 |    413 |   2275 |   5 |  704.0 |
               +--------+--------+--------+--------+--------+-----+--------+

Top non-repeatable levels by time:
     D:4: 1240 daAuts
     D:1: 921 daAuts
     D:2: 765 daAuts
     D:3: 512 daAuts
     D:5: 80 daAuts
